 Dungeon Crawl Stone Soup version 0.31-a0-851-g7ff8af7976 (webtiles) character file.

Game seed: 13092096450160243679

34 Sweetruy1997 the Covered (level 3, 0/9 HPs)
             Began as an Armataur Fighter on Oct 8, 2023.
             Slain by a gnoll
             ... wielding a +0 flail
              (4 damage)
             ... on level 2 of the Dungeon.
             The game lasted 00:06:21 (1366 turns).

Sweetruy1997 the Covered (Armataur Fighter)         Turns: 1366, Time: 00:06:22

Health: 0/9        AC:  8    Str: 21    XL:     3   Next: 14%
Magic:  3/3        EV:  7    Int:  8    God:
Gold:   59         SH:  0    Dex: 11    Spells: 2/2 levels left

rFire   . . .        f - melded +4 dagger (speed)
rCold   . . .        c - melded +0 buckler
rNeg    . . .        b - +0 scale mail
rPois   .            (no helmet)
rElec   .            (no cloak)
rCorr   .            l - +0 pair of gloves
SInv    +            (no barding)
Will    .....        (no amulet) Stlth
                     j - ring of see invisible
HPRegen 0.21/turn    (no ring)
MPRegen 0.08/turn

%: roll
@: flux-form, glowing
A: glow, contaminating, reduced hp, large, rugged brown scales 3, deformed body,
armoured tail, roll, long tongue, awkward tongue
a: Begin Untransformation


You were on level 2 of the Dungeon.
You were something dangerously unstable.
You visited 1 branch of the dungeon, and saw 2 of its levels.

You collected 59 gold pieces.

Inventory:

Hand Weapons
 f - a +4 dagger of speed (melded)
Armour
 b - a +0 scale mail (worn)
 c - a +0 buckler (melded)
 l - a +0 pair of gloves (worn)
Jewellery
 j - a ring of see invisible (left hand)
Talismans
 h - a flux talisman (active)
Scrolls
 e - a scroll of butterflies {unknown}
 i - a scroll of identify {unknown}
Potions
 a - 3 potions of curing
 d - a potion of might
 g - a potion of magic {unknown}
 k - a potion of attraction {unknown}


   Skills:
 + Level 3.0 Fighting
 + Level 0.1 Short Blades
 + Level 1.7 Axes
 + Level 4.3 Armour
 + Level 0.2 Dodging
 + Level 3.6 Shields


You had 2 spell levels left.
You didn't know any spells.
Your spell library was empty.

Dungeon Overview and Level Annotations

Branches:
Dungeon (2/15)

Altars:

Shops:
D:1 (


Innate Abilities, Weirdness & Mutations

You are something dangerously unstable.
You glow with magical radiation, making you easy to see and hit.
Foes you strike become dangerously contaminated with magical radiation.
Your maximum health is decreased, since you lack skill for your form.
You are incapable of wielding weapons or throwing items.
You are completely covered in rugged brown scales. (AC +3, +7% HP)
Armour fits poorly on your strangely shaped body.
You have a long armoured tail.
You roll when moving toward enemies. (Rampage)
Your long tongue fully drains potion bottles. (2x potion effects)
Your tongue gives you trouble enunciating. (1.5x scroll delay)


Message History

You puncture the quokka!
You kill the quokka!
No target in view!
You begin transforming.
You continue transforming. x3
You turn into something dangerously unstable.
Your +4 dagger of speed melds into your body.
Your +0 buckler melds into your body.
You now have 59 gold pieces (gained 9).
Found a stone staircase leading down.
A rat comes into view.
You roll towards the rat!
You barely miss the rat. The rat bites you but does no damage.
You closely miss the rat. The rat bites you but does no damage.
You hit the rat but do no damage.
The rat begins to glow.
The rat closely misses you.
You hit the rat.
The rat glows dangerously bright.
You tail-slap the rat.
You kill the rat!
You open the door.
Found a stone staircase leading up.
A gnoll comes into view. It is wielding a +0 flail.
The gnoll shouts!
A gnoll comes into view. It is wielding a +0 club.
A quokka comes into view.
You roll towards the gnoll!
You closely miss the gnoll.
Your tail-slap misses the gnoll.
The gnoll hits you with a +0 flail!
Ouch! That really hurt!
* * * LOW HITPOINT WARNING * * *
It was a potion of curing.
You feel better.
You slurp down every last drop of the potion of curing!
The gnoll hits you with a +0 flail.
Ouch! That really hurt!
Attack: -) Nothing wielded
Press: ? - help, Dir - move target, f - gnoll
Aim: a gnoll, wielding a +0 flail (about 35% to evade your hands)
Okay, then.
A gnoll is nearby!
The gnoll closely misses you.
You begin untransforming.
You continue untransforming.
The gnoll hits you with a +0 flail.
You die...

....##.#.# #########
....##.#.# #.......#
....##.#.# #.......#
.......#.# #.......#
########.##########.......#
.............>.#<.'.......#
############...####.......#
# #...####.......# #
#†..gp.........# #
#..#####.......# # #..#
######### # #..# # #..# #
#.g# # #..# # #... # #.rg


You could see a gnoll.

Vanquished Creatures
  4 bats (D:1)
  4 endoplasms (D:1)
  4 goblins (D:1)
  4 hobgoblins (D:1)
  5 kobolds (D:1)
  2 quokkas
  3 ball pythons
  A frilled lizard (D:1)
  2 rats
29 creatures vanquished.

Notes
Turn   | Place    | Note
-------+----------+-------------------------------------------
     0 | D:1      | Sweetruy1997 the Armataur Fighter began the quest for the
                  | Orb.
     0 | D:1      | Reached XP level 1. HP: 19/19 MP: 1/1
    76 | D:1      | Reached skill level 4 in Armour
    97 | D:1      | Reached XP level 2. HP: 21/26 MP: 2/2
   604 | D:1      | Found Wagywies's Weapon Boutique.
   616 | D:1      | Reached XP level 3. HP: 9/33 MP: 3/3
  1366 | D:2      | Slain by a gnoll

Illustrated notes

Levels and vault maps discovered:
D:1:      giann_horns, layout_basic, serial_shops, nicolae_shop_statue_plus,
          minmay_hedge_maze
D:2:      layout_basic, minmay_worlds_worst_comb

Skill      XL: |  1  2 |
---------------+-------+-----
Armour         | 4 |  4.3
Fighting       | 3 |  3.0
Short Blades   | |  0.1
Axes           | |  1.7
Dodging        | |  0.2
Shields        | |  3.6

Action                     || total
---------------------------++-------
  Melee: War axe           ||    20
         Dagger            ||   133
         Tailslap          ||    33
         Unarmed           ||    18
    Use: Potion            ||     1
 Armour: Scale mail        ||    48
  Dodge: Dodged            ||    25
  Block: Buckler           ||    14
   Form: Flux              ||     2
                           ||     2

Table legend: (Time is in decaauts)
 A = Elapsed time spent in this place.
 B = Non-inter-level travel time spent in this place.
 C = Inter-level travel time spent in this place.
 D = Time resting spent in this place.
 E = Time spent auto-exploring this place.
 F = Levels seen in this place.
 G = Mean time per level.
                   A        B        C        D        E       F      G
               +--------+--------+--------+--------+--------+-----+--------+
         Total |   1333 |   1281 |     52 |      0 |    942 |   2 |  666.5 |
       Dungeon |   1333 |   1281 |     52 |      0 |    942 |   2 |  666.5 |
               +--------+--------+--------+--------+--------+-----+--------+

Top non-repeatable levels by time:
     D:1: 1027 daAuts
     D:2: 306 daAuts
